 Seeded DCSS version 0.27.0-1-g7a08968 (webtiles) character file.

Game seed: 4303278513014279070 (custom seed)

253 bananamous the Skirmisher (level 5, -4/44 HPs)
             Began as a Demonspawn Gladiator on Aug 19, 2021.
             Slain by an ogre (25 damage)
             ... on level 4 of the Dungeon.
             The game lasted 00:07:11 (2699 turns).

bananamous the Skirmisher (Demonspawn Gladiator)    Turns: 2699, Time: 00:07:12

Health: -4/44      AC:  7    Str: 15    XL:     5   Next: 90%
Magic:  5/5        EV: 12    Int:  9    God:
Gold:   120        SH:  0    Dex: 21    Spells: 4/4 levels left

rFire    . . .     SeeInvis +   e - +9 broad axe of Analysis {pain, rElec}
rCold    . . .     Faith    .   (no shield)
rNeg     . . .     Spirit   .   m - +0 ring mail
rPois    .         Reflect  .   c - +0 helmet
rElec    +         Harm     .   (no cloak)
rCorr    .         Rampage  .   p - +0 pair of gloves
Will     .....                  (no boots)
Stlth    +.........             (no amulet)
HPRegen  0.14/turn              j - ring of see invisible
MPRegen  0.09/turn              r - +6 ring of dexterity

@: no status effects
A: talons 1, demonic guardian 2, ignite blood 1
a: no special abilities


You were on level 4 of the Dungeon.
You visited 1 branch of the dungeon, and saw 4 of its levels.

You collected 120 gold pieces.

Inventory:

Hand Weapons
 a - a +1 war axe
 e - the +9 broad axe of Analysis (weapon) {pain, rElec}
   (You acquired it on level 1 of the Dungeon)

   In the hands of one skilled in necromantic magic, it inflicts extra damage on
   living creatures.
   rElec:     It insulates you from electricity.
Missiles
 d - 4 throwing nets (quivered)
Armour
 b - a +0 leather armour
 c - a +0 helmet (worn)
 m - a +0 ring mail (worn)
 p - a +0 pair of gloves (worn)
Jewellery
 j - a ring of see invisible (left hand)
 l - a ring of fire
 r - a +6 ring of dexterity (right hand)
Scrolls
 g - a scroll of enchant weapon
 k - a scroll of identify {unknown}
 o - a scroll of teleportation {unknown}
 q - a scroll of immolation {unknown}
Potions
 f - 2 potions of attraction {unknown}
 h - a potion of mutation {unknown}
 i - a potion of flight {unknown}
 n - a potion of heal wounds {unknown}


   Skills:
 * Level 5.5 Fighting
 - Level 3.4 Axes
 - Level 1.8 Throwing
 - Level 0.5 Armour
 - Level 2.8 Dodging


You had 4 spell levels left.
You didn't know any spells.
Your spell library contained the following spells:

 Spells                   Type           Power      Damage    Failure   Level
 Stone Arrow              Conj/Erth      0%         3d7       94%         3
 Animate Armour           Summ/Erth      0%         N/A       100%        4
 Lehudib's Crystal Spear  Conj/Erth      0%         10d2      100%        8


Dungeon Overview and Level Annotations

Branches:
Dungeon (4/15)
 Temple: D:4-7

Altars:

Annotations:
D:2 Sigmund


Innate Abilities, Weirdness & Mutations

You have sharp toenails.
A demonic guardian rushes to your aid.
Your demonic aura sometimes causes spilled blood to erupt in flames.


Message History

It was a scroll of fear.
(D) Dungeon
Where to? (Enter - D:3, ? - help)
There is an open door here.
There is a stone staircase leading down here.
You climb downwards.
An adder skeleton comes into view.
Found a fuming brown potion, a large glass ring, 9 gold pieces and 23 stones.
There is a stone staircase leading up here.
The adder skeleton closely misses you.
You see here 23 stones.
You slash the adder skeleton! You claw the adder skeleton.
The adder skeleton is almost destroyed.
The adder skeleton bites you but does no damage.
You slash the adder skeleton!
You destroy the adder skeleton!
No target in view!
No target in view!
No target in view!
You now have 120 gold pieces (gained 9).
There is a stone staircase leading up here.
h - a fuming brown potion
r - a +6 ring of dexterity You feel agile.
r - a +6 ring of dexterity (right hand)
An ogre comes into view. It is wielding a +0 giant club.
You barely miss the ogre. You claw the ogre.
The ogre is lightly wounded.
The ogre barely misses you.
You barely miss the ogre.
The ogre is lightly wounded.
The ogre hits you with a +0 giant club!
You slash the ogre! Your kick misses the ogre.
The ogre is heavily wounded.
The ogre hits you with a +0 giant club!
You barely miss the ogre. You claw the ogre.
The ogre is severely wounded.
The ogre hits you with a +0 giant club!!
Ouch! That really hurt!
You die...

♣♣ .. # .. #. #.
#.##. .♣♣######
... ........#
#.##O###########.#
#....@.......<...#
####.#########.###
#. #...(..# #.
#.##.#.# #. #
..#.# ## #### #


You could see an ogre.

Vanquished Creatures
  A necrophage (D:3)
  Natasha (thrice) (D:2)
  2 adders
  An ufetubus (D:2)
  An adder skeleton (D:4)
  A worm (D:3)
  6 dart slugs
  An orc (D:3)
  4 endoplasms
  2 giant cockroaches
  2 goblins
  4 hobgoblins
  3 jackals (D:1)
  11 kobolds
  A quokka (D:2)
  A ball python (D:3)
  4 bats
  5 frilled lizards
  8 rats
61 creatures vanquished.

Vanquished Creatures (others)
  6 plants (D:1)
6 creatures vanquished.

Grand Total: 67 creatures vanquished

Notes
Turn   | Place    | Note
-------+----------+-------------------------------------------
     0 | D:1      | bananamous the Demonspawn Gladiator began the quest for the
                  | Orb.
     0 | D:1      | Reached XP level 1. HP: 16/16 MP: 1/1
    24 | D:1      | Identified a scroll of acquirement
    24 | D:1      | Acquired the +9 broad axe of Analysis {pain, rElec}
   163 | D:1      | Gained mutation: You have sharp toenails. [demonic
                  | ancestry]
   163 | D:1      | Reached XP level 2. HP: 22/22 MP: 2/2
   893 | D:2      | Gained mutation: Your demonic aura sometimes causes spilled
                  | blood to erupt in flames. [demonic ancestry]
   893 | D:2      | Reached XP level 3. HP: 27/27 MP: 3/3
  1101 | D:2      | Noticed Natasha
  1105 | D:2      | Reached skill level 3 in Fighting
  1114 | D:2      | Killed Natasha
  1115 | D:2      | Gained mutation: A weak demonic guardian rushes to your
                  | aid. [demonic ancestry]
  1115 | D:2      | Reached XP level 4. HP: 17/35 MP: 4/4
  1305 | D:2      | Noticed Natasha
  1309 | D:2      | Killed Natasha
  1417 | D:2      | Reached skill level 4 in Fighting
  1497 | D:2      | Noticed Sigmund
  1584 | D:2      | Noticed Natasha
  1591 | D:2      | Killed Natasha
  1724 | D:3      | Gained mutation: A demonic guardian rushes to your aid.
                  | [demonic ancestry]
  1724 | D:3      | Reached XP level 5. HP: 43/43 MP: 5/5
  1881 | D:3      | Noticed a necrophage
  1891 | D:3      | Killed a necrophage
  1892 | D:3      | Reached skill level 5 in Fighting
  2695 | D:4      | Noticed an ogre
  2699 | D:4      | Slain by an ogre

Illustrated notes

Levels and vault maps discovered:
D:1:      scummos_arrival_hexagon, layout_loops_ring, lexackson_kobold_supper
D:2:      layout_basic, minmay_pentomino_t4, uniq_sigmund, uniq_natasha
D:3:      layout_loops_corners, minmay_hedge_maze, minmay_misc_feat_encased
D:4:      layout_basic, kennysheep_small_spiral, serial_bayou_crossing

Skill      XL: |  1  2  3  4  5 |
---------------+----------------+-----
Axes           | 3 |  3.4
Fighting       | 3 4 5 |  5.5
Throwing       | |  1.8
Armour         | |  0.5
Dodging        | |  2.8

Action                   |  1- 3 |  4- 6 || total
-------------------------+-------+-------++-------
Melee: Broad axe         |    56 |    53 ||   109
       Kick              |     3 |    12 ||    15
  Use: Scroll            |     1 |     2 ||     3
Armor: Leather armour    |    16 |       ||    16
       Ring mail         |       |    23 ||    23
Dodge: Dodged            |    41 |    31 ||    72
